 Dungeon Crawl Stone Soup version 0.26-a0-648-g87339cca5e (webtiles) character file.

Game seed: 3176075585011047776

463 DogServant the Caller (level 7, -5/40 HPs)
             Began as a Tengu Summoner on Sept 25, 2020.
             Slain by an ice beast (13 damage)
             ... on level 6 of the Dungeon.
             The game lasted 00:16:17 (8154 turns).

DogServant the Caller (Tengu Summoner)              Turns: 8154, Time: 00:16:17

Health: -5/40      AC:  3    Str:  9    XL:     7   Next: 7%
Magic:  10/12      EV: 14    Int: 15    God:
Gold:   238        SH:  0    Dex: 16    Spells: 3/12 levels left

rFire    + . .     SeeInvis .   t - +0 hunting sling
rCold    x . .     Faith    .   (no shield)
rNeg     . . .     Spirit   .   f - +0 leather armour
rPois    .         Reflect  .   (helmet restricted)
rElec    .         Harm     .   (no cloak)
rCorr    .         Rampage  .   (no gloves)
MR       .....                  (boots unavailable)
Stlth    ++........             (no amulet)
HPRegen  0.13/turn              k - ring of fire
MPRegen  0.13/turn              (no ring)

@: no status effects
A: beak, talons 3, able to fly
a: Fly


You were on level 6 of the Dungeon.
You visited 1 branch of the dungeon, and saw 6 of its levels.

You collected 238 gold pieces.

Inventory:

Hand Weapons
 d - a +0 short sword
 t - a +0 hunting sling (weapon)
Missiles
 h - 7 boomerangs
 i - 71 arrows
 n - 86 bolts
 u - 80 stones (quivered)
Armour
 a - a +0 robe
 f - a +0 leather armour (worn)
Jewellery
 k - a ring of fire (left hand)
Scrolls
 b - 2 scrolls of fear
 l - 2 scrolls of amnesia {unknown}
 m - a scroll of noise {unknown}
 o - 5 scrolls of identify
 p - a scroll of immolation {unknown}
 q - 2 scrolls of remove curse {unknown}
 v - a scroll of summoning {unknown}
 w - a scroll of teleportation
Potions
 c - 2 potions of stabbing
 e - 2 potions of berserk rage {unknown}
 g - 3 potions of curing {unknown}
 j - 3 potions of heal wounds
 r - 2 potions of haste {unknown}
 s - a potion of might {unknown}


   Skills:
 + Level 2.5 Fighting
 - Level 2.7 Short Blades
 + Level 0.0 Slings
 - Level 4.0 Dodging
 - Level 2.0 Stealth
 - Level 3.1 Spellcasting
 + Level 6.9 Summonings


You had 3 spell levels left.
You knew the following spells:

 Your Spells              Type           Power        Failure   Level
a - Summon Small Mammal   Summ           ###.         1%          1
b - Call Imp              Summ           ###.....     2%          2
c - Call Canine Familiar  Summ           ###.....     4%          3
d - Summon Guardian Gole  Hex/Summ       ##......     21%         3

Your spell library contained the following spells:

 Spells                   Type           Power        Failure   Level
 Summon Ice Beast         Ice/Summ       ##......     54%         4
 Summon Lightning Spire   Summ/Air       ##......     54%         4


Dungeon Overview and Level Annotations

Branches:
Dungeon (6/15)
 Temple: D:4-7

Altars:
Ashenzari
Cheibriados
Dithmenos
Hepliaklqana
Kikubaaqudgha
Qazlal
Wu Jian


Innate Abilities, Weirdness & Mutations

You have a beak for a mouth.
You have claws for feet.
You can fly continuously.


Message History

The ice beast is almost dead.
You shoot a stone. The stone hits the ice beast.
The ice beast is almost dead.
The ice beast hits you. The ice beast freezes you!
You feel a terrible chill!
* * * LOW HITPOINT WARNING * * *
You see here a bubbling blue potion.
Found 16 gold pieces.
Found a snail-covered altar of Cheibriados.
The ice beast barely misses you.
There is a snail-covered altar of Cheibriados here.
Found 15 sling bullets.
Casting: Call Canine Familiar (dangerous; 4% risk of failure)
Confirm with . or Enter, or press ? or * to list all spells.
Your hound bites the ice beast but does no damage.
Your hound closely misses the ice beast.
Your hound bites the ice beast but does no damage.
The ice beast hits you.
* * * LOW HITPOINT WARNING * * *
The ice beast freezes you!
You feel a terrible chill!
You die...

#.....# #.....# #. #(....#
..#######(....#
#.......(....#
+............#
#............#
###+####............#
#...@...............#
#..Y................#
#..h...........######
#..............#
#......(.......#
#.......###'####
#.......#..........
.#####....(..#.....<....
.............#.....###+###


You could see an ice beast and a friendly hound (summoned).

Vanquished Creatures
  2 ogres (D:4)
  A vampire bat (D:2)
  A worker ant (D:4)
  2 adders
  2 dart slugs
  6 leopard geckos
  8 bats
  2 bat skeletons (D:2)
  3 bat zombies (D:2)
  3 giant cockroaches
  6 hobgoblins
  5 jackals
  3 kobolds
  A quokka (D:5)
  6 frilled lizards
  3 goblins
  5 rats (D:2)
59 creatures vanquished.

Vanquished Creatures (collateral kills)
  A phantom (D:5)
  An ogre (D:4)
  2 hounds
  A jelly (D:2)
  2 orc wizards (D:5)
  2 adders (D:2)
  A white imp (D:5)
  An ooze (D:1)
  A dart slug (D:1)
  3 worms (D:2)
  2 leopard geckos
  2 orcs (D:5)
  A bat (D:2)
  A giant cockroach (D:2)
  A hobgoblin (D:1)
  4 jackals (D:1)
  3 kobolds
  A quokka skeleton (D:5)
30 creatures vanquished.

Grand Total: 89 creatures vanquished

Notes
Turn   | Place    | Note
-------+----------+-------------------------------------------
     0 | D:1      | DogServant the Tengu Summoner began the quest for the Orb.
     0 | D:1      | Reached XP level 1. HP: 10/10 MP: 4/4
   106 | D:1      | Reached skill level 5 in Summonings
   481 | D:1      | Reached XP level 2. HP: 14/15 MP: 6/6
   605 | D:1      | Learned a level 2 spell: Call Imp
  1764 | D:2      | Reached XP level 3. HP: 19/19 MP: 7/7
  2149 | D:2      | Learned a level 3 spell: Call Canine Familiar
  2442 | D:2      | Reached XP level 4. HP: 20/24 MP: 4/8
  2945 | D:2      | Found a shadowy altar of Dithmenos.
  2945 | D:2      | Noticed a shadow
  2948 | D:2      | Found a hazy altar of Hepliaklqana.
  3104 | D:2      | Reached skill level 6 in Summonings
  3388 | D:2      | Found an ancient bone altar of Kikubaaqudgha.
  3427 | D:2      | Gained mutation: You can fly continuously. [Tengu growth]
  3427 | D:2      | Reached XP level 5. HP: 27/28 MP: 5/9
  4432 | D:3      | Reached skill level 1 in Short Blades
  4759 | D:3      | Found a stormy altar of Qazlal.
  4759 | D:3      | Noticed an air elemental
  4760 | D:3      | Noticed a water elemental
  4801 | D:3      | Noticed a fire elemental
  5096 | D:4      | Reached skill level 1 in Fighting
  5122 | D:4      | Noticed an ogre
  5184 | D:4      | Killed an ogre
  5385 | D:4      | Noticed an ogre
  5408 | D:4      | Killed an ogre
  5408 | D:4      | Reached XP level 6. HP: 13/35 MP: 5/11
  6407 | D:5      | Entered Level 5 of the Dungeon
  7468 | D:5      | Found an ornate altar of the Wu Jian Council.
  7564 | D:5      | Found a broken altar of Ashenzari.
  7723 | D:5      | Noticed a phantom
  7779 | D:5      | Killed a phantom
  7779 | D:5      | Reached XP level 7. HP: 39/40 MP: 6/12
  8032 | D:5      | Learned a level 3 spell: Summon Guardian Golem
  8124 | D:6      | Found a snail-covered altar of Cheibriados.
  8154 | D:6      | Slain by an ice beast

Illustrated notes

Levels and vault maps discovered:
D:1:      onia_arrival_mini_spirals, layout_basic
D:2:      wad_river_or_something, layout_basic,
          riverfiend_overflow_shadow_ancestor, kennysheep_vampire_church
D:3:      layout_loops_ring, nicolae_qazlal_style_of_elements, eino_tiny_chamber
D:4:      layout_loops_ring, minmay_misc_feat_plants
D:5:      layout_loops_corners, ashenzari_altar_1, lemuel_round_altar
D:6:      layout_gridville, tgw_sif, nicolae_overflow_crystal_walls,
          nicolae_tso_carved_into_rock, minmay_temple_entry_proselytizer,
          kennysheep_cluttered_room, minmay_misc_feat_ornament

Skill      XL: |  1  2  3  4  5  6 |
---------------+-------------------+-----
Summonings     | 5 6 |  6.9
Dodging        | 3 4 |  4.0
Short Blades   | 2 |  2.7
Fighting       | 1 2 |  2.5
Spellcasting   | 3 |  3.1
Stealth        | |  2.0

Action                   |  1- 3 |  4- 6 |  7- 9 || total
-------------------------+-------+-------+-------++-------
Melee: Dagger            |    68 |    23 |       ||    91
       Unarmed           |     4 |       |       ||     4
       Kick              |    11 |    34 |       ||    45
       Peck              |    11 |    15 |       ||    26
       Short sword       |       |    96 |     1 ||    97
 Fire: Hunting sling     |       |     3 |    11 ||    14
Throw: Boomerang         |     3 |     4 |       ||     7
 Cast: Summon Small Mamm |     7 |       |       ||     7
       Call Imp          |    11 |     8 |       ||    19
       Call Canine Famil |     2 |    16 |     3 ||    21
  Use: Scroll            |       |     7 |       ||     7
       Potion            |       |     1 |       ||     1
 Stab: Sleeping          |     2 |     7 |     1 ||    10
Armor: Robe              |     8 |       |       ||     8
       Leather armour    |    15 |    43 |       ||    58
Dodge: Dodged            |    75 |   109 |     1 ||   185

Table legend: (Time is in decaauts)
 A = Elapsed time spent in this place.
 B = Non-inter-level travel time spent in this place.
 C = Inter-level travel time spent in this place.
 D = Time resting spent in this place.
 E = Time spent auto-exploring this place.
 F = Levels seen in this place.
 G = Mean time per level.
                   A        B        C        D        E       F      G
               +--------+--------+--------+--------+--------+-----+--------+
         Total |   8176 |   7628 |    548 |   3015 |   3507 |   6 | 1362.7 |
       Dungeon |   8176 |   7628 |    548 |   3015 |   3507 |   6 | 1362.7 |
               +--------+--------+--------+--------+--------+-----+--------+

Top non-repeatable levels by time:
     D:2: 2961 daAuts
     D:1: 1578 daAuts
     D:5: 1401 daAuts
     D:4: 1380 daAuts
     D:3: 755 daAuts
     D:6: 98 daAuts
